 Dungeon Crawl Stone Soup version 0.21.1-1-g345015f (webtiles) character file.

28408 sking99 the Bludgeoner (level 13, -16/113 HPs)
             Began as a Minotaur Fighter on June 29, 2018.
             Was a High Priest of Ru.
             Demolished by Rupert
             ... wielding a +2 great mace of crushing
              (26 damage)
             ... on level 4 of the Lair of Beasts.
             The game lasted 00:52:24 (16463 turns).

sking99 the Bludgeoner (Minotaur Fighter)          Turns: 16463, Time: 00:52:25

Health: -16/113    AC: 23    Str: 19    XL:     13   Next: 9%
Magic:  12/12      EV:  3    Int:  5    God:    Ru [*****.]
Gold:   806        SH: 14    Dex: 15    Spells: 12/12 levels left

rFire    . . .     SeeInvis +   z - +2 morningstar
rCold    . . .     Gourm    .   c - +1 shield
rNeg     . . .     Faith    .   B - +0 plate armour
rPois    .         Spirit   .   (helmet restricted)
rElec    .         Reflect  +   Y - +0 cloak
rCorr    +         Harm     .   x - +0 pair of gloves "Joduopif" {rCorr}
MR       .....                  L - +2 pair of boots
Stlth    ..........             o - +4 amulet of reflection
HPRegen  0.28/turn              r - ring of see invisible
MPRegen  0.13/turn              O - +2 ring of protection

@: exhausted, drained
A: retaliatory headbutt, horns 2, weak 1, hated by all, reduced EV 1, unskilled
1
a: Draw Out Power, Power Leap, Apocalypse, Renounce Religion


You were on level 4 of the Lair of Beasts.
You worshipped Ru.
Ru was extremely pleased with you.
You were not hungry.

You visited 2 branches of the dungeon, and saw 15 of its levels.

You collected 806 gold pieces.

Inventory:

Hand Weapons
 z - a +2 morningstar (weapon)
 M - a +3 flail
Missiles
 H - 4 throwing nets (quivered)
Armour
 c - a +1 shield (worn)
 x - the +0 pair of gloves "Joduopif" (worn) {rCorr}
   (You found it on level 4 of the Dungeon)

   It protects you from acid and corrosion.
 B - a +0 plate armour (worn)
 L - a +2 pair of boots (worn)
 Y - a +0 cloak (worn)
Jewellery
 m - an uncursed ring of fire
 o - a +4 amulet of reflection (around neck)
 p - an uncursed ring of positive energy {unknown}
 r - a ring of see invisible (left hand)
 K - the amulet "Pogaufia" {Inacc rC+ Stlth+}
   (You found it on level 6 of the Dungeon)

   [amulet of inaccuracy]

   It reduces the accuracy of all your attacks.
   It protects you from cold.
   It makes you more stealthy.
 O - a +2 ring of protection (right hand)
 Z - an uncursed ring of wizardry
Wands
 a - a wand of scattershot (11)
 u - a wand of acid (21)
 v - a wand of polymorph (11)
 y - a wand of random effects (21)
 J - a wand of disintegration (10)
 Q - a wand of flame (27)
 T - a wand of digging (19)
 V - a wand of iceblast (12)
Scrolls
 g - 4 scrolls of enchant armour
 i - a scroll of immolation
 l - 7 scrolls of remove curse
 n - 2 scrolls of amnesia
 s - 2 scrolls of enchant weapon
 D - a scroll of fog
 F - 5 scrolls of teleportation
Potions
 b - 4 potions of haste
 d - 2 potions of might
 e - 2 potions of mutation
 h - 6 potions of curing
 k - a potion of magic {unknown}
 q - 4 potions of flight
 t - 2 potions of ambrosia
 w - 3 potions of lignification
 I - 4 potions of brilliance {unknown}
 N - a potion of invisibility {unknown}
 R - a potion of degeneration {unknown}
 S - a potion of berserk rage {unknown}
Books
 A - a book of the Earth

   Spells                             Type                      Level
   a - Leda's Liquefaction            Hexes/Earth                  4
   b - Bolt of Magma                  Conjuration/Fire/Earth       5
   c - Statue Form                    Transmutation/Earth          6
   d - Iron Shot                      Conjuration/Earth            6
   e - Shatter                        Earth                        9
 C - a book of Maledictions

   Spells                             Type                      Level
   a - Corona                         Hexes                        1
   b - Ensorcelled Hibernation        Hexes/Ice                    2
   c - Confuse                        Hexes                        3
   d - Tukima's Dance                 Hexes                        3
   e - Dazzling Spray                 Conjuration/Hexes            3
Comestibles
 f - 26 rations
 j - 3 chunks of flesh


   Skills:
 + Level 10.2(9.8) Fighting
 - Level 16.0(15.5) Maces & Flails
 - Level 12.2(11.8) Armour
 + Level 8.5(8.1) Dodging
 - Level 3.2(2.9) Shields


You had 12 spell levels left.
You didn't know any spells.

Dungeon Overview and Level Annotations

Branches:
Dungeon (11/15)            Temple (0/1) D:5            Lair (4/6) D:10
 Shoals (0/4) Lair:3        Snake (0/4) Lair:3          Orc (0/2) D:11

Altars:
Cheibriados
Fedhas
Gozag
Nemelex Xobeh
Ru
Trog
Uskayaw
Xom
Yredelemnul
The Shining One

Shops:
D:9 }

Annotations:
Lair:4 Rupert


Innate Abilities, Weirdness & Mutations

You reflexively headbutt those who attack you in melee.
You have a pair of horns on your head.
You are weak. (Str -2)
You are hated by all.
You have somewhat slow reflexes. (EV -5)
You are somewhat unskilled. (-1 Apt)


Message History

You hit Rupert but do no damage.
Rupert is heavily wounded.
Rupert hits you but does no damage.
You hit Rupert.
Rupert is heavily wounded.
Rupert hits you with a great mace of crushing!!
* * * LOW HITPOINT WARNING * * *
Okay, then.
You are restored by drawing out deep reserves of power within.
You feel drained. You block Rupert's attack.
Your plate armour prevents you from hitting Rupert.
You headbutt Rupert.
Rupert is heavily wounded.
Rupert hits you with a great mace of crushing!!
* * * LOW HITPOINT WARNING * * *
x2 You feel much better.
Rupert hits you with a great mace of crushing!!
* * * LOW HITPOINT WARNING * * *
x2 Rupert hits you with a great mace of crushing!!
You die...

* **≈≈≈≈♣* ** *≈≈≈≈≈P♣♣* ###
,***≈≈≈≈≈≈≈≈*♣##.##
***≈≈≈≈≈≈≈≈≈♣♣....####
***≈≈≈≈≈≈≈≈≈P♣.......# ***
**≈≈≈≈≈≈≈≈≈≈≈♣....#P.# **###*,*
,*≈≈≈≈≈≈≈≈≈≈≈♣...###.#**P...,,**
,,≈≈≈≈≈≈≈≈≈≈†........##.....,,,**
,,≈≈≈≈≈≈≈≈P≈≈..@@...........,,*,*
..≈≈≈≈≈≈≈≈≈≈≈≈.#......###...,,***
#.≈≈≈≈≈≈P≈≈≈≈≈####...##**,,,,,*
..P≈≈≈≈≈≈≈P≈P≈.##.....#*,,,,,**
..≈≈....≈≈.P≈.........#**,,,,****
..............#..#.#...#*,,,,,,,*
...........@..#..##.P..#,,,,*,,,,
.....#.......##P.##......,,*,,,,,
.............##...#...###.,,*,***


You could see Rupert (berserk).

Vanquished Creatures
  Erolcha (D:11)
  3 hydras
  3 two-headed ogres
  A catoblepas (D:10)
  A manticore (D:10)
  A cyclops (D:11)
  5 black mambas
  A gargoyle (D:11)
  5 spiny frogs
  3 komodo dragons
  5 trolls
  A polar bear (Lair:4)
  5 blink frogs (Lair:3)
  A hornet (D:10)
  5 hippogriffs
  6 dream sheep (Lair:4)
  Sigmund (D:4)
  2 wyverns
  25 yaks
  2 basilisks
  A hungry ghost (D:11)
  5 nagas (Lair:3)
  13 water moccasins
  Edmund (D:5)
  7 porcupines
  6 orc warriors
  6 ice beasts
  A sky beast (D:8)
  2 black bears
  An eye of draining (D:11)
  6 ogres
  A necrophage (D:10)
  3 centaurs
  10 crocodiles
  Blork the orc (D:4)
  15 bullfrogs
  A gnoll sergeant (D:6)
  3 scorpions
  5 killer bees (D:9)
  8 wights
  4 howler monkeys
  3 electric eels
  2 centaur zombies
  3 jellies (D:9)
  2 bullfrog zombies (D:9)
  4 crimson imps
  4 hounds
  13 orc priests
  9 orc wizards
  A bullfrog skeleton (D:6)
  A centaur skeleton (D:11)
  5 iguanas
  7 worker ants
  2 hound skeletons (D:4)
  14 gnolls
  7 adders
  A shadow imp (D:10)
  7 oozes
  3 worms
  2 dart slugs
  12 leopard geckos
  35 orcs
  7 giant cockroaches
  13 goblins
  10 hobgoblins
  18 jackals
  3 quokkas
  A ball python (D:2)
  7 bats
  9 frilled lizards
  6 kobolds
  A leopard gecko zombie (D:5)
  6 rats
  A spectral orc (D:5)
396 creatures vanquished.

Vanquished Creatures (others)
  A cyclops (D:11)
  2 centaurs
  4 fungi
  10 plants
17 creatures vanquished.

Grand Total: 413 creatures vanquished

Notes
Turn   | Place    | Note
-------+----------+-------------------------------------------
     0 | D:1      | sking99 the Minotaur Fighter began the quest for the Orb.
     0 | D:1      | Reached XP level 1. HP: 19/19 MP: 0/0
    60 | D:1      | Reached skill level 3 in Maces & Flails
   244 | D:1      | Reached XP level 2. HP: 24/27 MP: 1/1
   773 | D:2      | Reached XP level 3. HP: 27/33 MP: 2/2
   900 | D:2      | Reached skill level 4 in Maces & Flails
  1446 | D:2      | Found a bloodstained altar of Trog.
  1468 | D:2      | Reached XP level 4. HP: 41/41 MP: 3/3
  1855 | D:3      | Found a faded altar of an unknown god.
  1999 | D:3      | Reached skill level 5 in Maces & Flails
  2473 | D:3      | Reached skill level 5 in Fighting
  2473 | D:3      | Reached XP level 5. HP: 39/48 MP: 4/4
  2669 | D:3      | Reached skill level 6 in Maces & Flails
  3202 | D:3      | Found a sacrificial altar of Ru.
  3207 | D:3      | Became a worshipper of Ru the Awakened
  3315 | D:4      | Reached XP level 6. HP: 56/56 MP: 5/5
  3449 | D:4      | Noticed Sigmund
  3461 | D:4      | Killed Sigmund
  3461 | D:4      | Reached skill level 7 in Maces & Flails
  3562 | D:4      | Reached XP level 7. HP: 31/64 MP: 6/6
  3681 | D:4      | Found a sparkling altar of Nemelex Xobeh.
  3751 | D:4      | Reached skill level 8 in Maces & Flails
  3776 | D:4      | Got a pair of distressingly furry gloves
  3811 | D:4      | Noticed Blork the orc
  3817 | D:4      | Killed Blork the orc
  4436 | D:5      | Entered Level 5 of the Dungeon
  4453 | D:5      | Identified the cursed +0 pair of gloves "Joduopif" {rCorr} (You found it on level 4 of the Dungeon)
  4622 | D:5      | Reached skill level 9 in Maces & Flails
  4662 | D:5      | Noticed Edmund
  4679 | D:5      | Killed Edmund
  4679 | D:5      | Reached XP level 8. HP: 43/73 MP: 7/7
  4983 | D:5      | Reached skill level 10 in Maces & Flails
  5025 | D:5      | Found a shimmering altar of Xom.
  5130 | D:5      | Found a staircase to the Ecumenical Temple.
  5133 | D:5      | Gained mutation: You are hated by all. [Ru sacrifice]
  5133 | D:5      | Reached * piety under Ru
  5315 | D:5      | Found a basalt altar of Yredelemnul.
  5696 | D:6      | Got a flickering iron amulet
  5744 | D:6      | Identified the amulet "Pogaufia" {Inacc rC+ Stlth+} (You found it on level 6 of the Dungeon)
  6284 | D:7      | Reached skill level 11 in Maces & Flails
  6426 | D:7      | Found an opulent altar of Gozag.
  6584 | D:7      | Found a hide-covered altar of Uskayaw.
  6675 | D:7      | Reached XP level 9. HP: 82/82 MP: 8/8
  7164 | D:8      | Reached skill level 12 in Maces & Flails
  7254 | D:8      | Reached skill level 5 in Armour
  7367 | D:8      | Gained mutation: You are somewhat unskilled. (-1 Apt) [Ru sacrifice]
  7367 | D:8      | Reduced skill Maces & Flails to level 11
  7367 | D:8      | Reached ** piety under Ru
  7367 | D:8      | Reached *** piety under Ru
  7419 | D:8      | Noticed a two-headed ogre
  7427 | D:8      | Killed a two-headed ogre
  7427 | D:8      | Reached skill level 12 in Maces & Flails
  7427 | D:8      | Reached skill level 5 in Armour
  7729 | D:8      | Noticed a two-headed ogre
  7753 | D:8      | Killed a two-headed ogre
  7753 | D:8      | Reached XP level 10. HP: 58/88 MP: 9/9
  8242 | D:9      | Reached skill level 13 in Maces & Flails
  8880 | D:9      | Found a glowing golden altar of the Shining One.
  8880 | D:9      | Found a blossoming altar of Fedhas.
  8917 | D:9      | Reached skill level 14 in Maces & Flails
  8925 | D:9      | Found Linac's Gadget Boutique.
  9156 | D:9      | Found a snail-covered altar of Cheibriados.
  9248 | D:10     | Entered Level 10 of the Dungeon
  9419 | D:10     | Noticed a two-headed ogre
  9434 | D:10     | Killed a two-headed ogre
  9608 | D:10     | Gained mutation: You have somewhat slow reflexes. (EV -5) [Ru sacrifice]
  9608 | D:10     | Reached **** piety under Ru
  9646 | D:10     | Reached XP level 11. HP: 91/94 MP: 10/10
  9670 | D:10     | Found a staircase to the Lair.
  9675 | D:10     | Reached skill level 10 in Armour
  9947 | D:10     | Noticed a catoblepas
  9967 | D:10     | Killed a catoblepas
 10238 | D:11     | Noticed Erolcha
 10251 | D:11     | Killed Erolcha
 11223 | D:11     | Reached skill level 1 in Dodging
 11672 | D:11     | Found a staircase to the Orcish Mines.
 11883 | Lair:1   | Entered Level 1 of the Lair of Beasts
 12223 | Lair:1   | Noticed a four-headed hydra
 12232 | Lair:1   | Killed a four-headed hydra
 12509 | Lair:1   | Reached XP level 12. HP: 104/104 MP: 11/11
 12554 | Lair:1   | Noticed a four-headed hydra
 12563 | Lair:1   | Killed a four-headed hydra
 12575 | Lair:1   | Gained mutation: You are weak. (Str -2) [Ru sacrifice]
 12575 | Lair:1   | Reached ***** piety under Ru
 12731 | Lair:1   | Reached skill level 15 in Maces & Flails
 13383 | Lair:2   | Reached skill level 5 in Dodging
 14341 | Lair:3   | Found a staircase to the Snake Pit.
 14696 | Lair:3   | Found a staircase to the Shoals.
 15001 | Lair:3   | Reached skill level 16 in Maces & Flails
 16092 | Lair:4   | Noticed a six-headed hydra
 16103 | Lair:4   | Killed a six-headed hydra
 16103 | Lair:4   | Reached skill level 10 in Fighting
 16103 | Lair:4   | Reached XP level 13. HP: 83/113 MP: 12/12
 16119 | Lair:4   | Noticed Rupert
 16463 | Lair:4   | Demolished by Rupert

Skill      XL: |  1  2  3  4  5  6  7  8  9 10 11 12 |
---------------+-------------------------------------+-----
Maces & Flails | 3 4 5 6 7 9 11 12 14 16 | 16.0
Fighting       | 4 5 6 7 8 9 10 | 10.2
Armour         | 6 9 12 | 12.2
Dodging        | 3 8 |  8.5
Shields        | |  3.2

Action                   |  1- 3 |  4- 6 |  7- 9 | 10-12 | 13-15 || total
-------------------------+-------+-------+-------+-------+-------++-------
Melee: Flail             |   105 |   150 |   334 |   403 |       ||   992
       Headbutt          |    15 |    23 |    50 |   200 |    13 ||   301
       Morningstar       |       |       |       |   470 |    67 ||   537
Invok: Sacrifice Love    |       |       |     1 |       |       ||     1
       Sacrifice Skill   |       |       |     1 |       |       ||     1
       Sacrifice Health  |       |       |       |     1 |       ||     1
       Draw Out Power    |       |       |       |     2 |     1 ||     3
       Sacrifice Purity  |       |       |       |     1 |       ||     1
       Reject Sacrifices |       |       |       |     1 |       ||     1
  Use: Scroll            |       |     6 |     7 |    20 |       ||    33
       Potion            |       |       |     1 |     1 |     2 ||     4
 Stab: Distracted        |       |       |       |     2 |       ||     2
       Invisible         |       |       |       |     4 |       ||     4
  Eat: Chunk             |     2 |     6 |    14 |    25 |     2 ||    49
       Ration            |       |       |       |     1 |       ||     1
Armor: Scale mail        |    44 |    51 |     4 |       |       ||    99
       Plate armour      |       |       |    87 |   342 |    11 ||   440
Dodge: Dodged            |    33 |    34 |    31 |    51 |     3 ||   152
Block: Shield            |    53 |    69 |   183 |   472 |    29 ||   806
       Reflection        |       |       |    10 |    10 |       ||    20
